 Dungeon Crawl Stone Soup version 0.25-a0-860-gf695395 (webtiles) character file.

Game seed: 14331928300017788130, levelgen mode: deterministic

245 Illumine the Chopper (level 6, -11/52 HPs)
             Began as a Hill Orc Monk on Apr 28, 2020.
             Mangled by an ogre
             ... wielding a +0 giant club
              (23 damage)
             ... on level 4 of the Dungeon.
             The game lasted 00:06:07 (2774 turns).

Illumine the Chopper (Hill Orc Monk)                Turns: 2774, Time: 00:06:08

Health: -11/52     AC: 11    Str: 16    XL:     6   Next: 10%
Magic:  6/6        EV:  5    Int: 10    God:
Gold:   199        SH:  4    Dex: 13    Spells: 5/5 levels left

rFire    . . .     SeeInvis .   a - +0 hand axe
rCold    . . .     Gourm    .   r - +0 buckler
rNeg     . . .     Faith    .   g - +0 plate armour
rPois    .         Spirit   .   (no helmet)
rElec    .         Reflect  .   (no cloak)
rCorr    .         Harm     .   (no gloves)
MR       +....                  (no boots)
Stlth    ..........             (no amulet)
HPRegen  0.17/turn              h - ring of protection from magic
MPRegen  0.10/turn              (no ring)

@: no status effects
A: no striking features
a: no special abilities


You were on level 4 of the Dungeon.
You were not hungry.

You visited 1 branch of the dungeon, and saw 4 of its levels.

You collected 199 gold pieces.

Inventory:

Hand Weapons
 a - a +0 hand axe (weapon)
 b - a +0 hunting sling
Missiles
 j - 47 stones (quivered)
 w - 3 poisoned darts
Armour
 f - a +0 scale mail
 g - a +0 plate armour (worn)
 r - a +0 buckler (worn)
Jewellery
 h - a ring of protection from magic (left hand)
Wands
 m - a wand of disintegration (9)
 q - a wand of scattershot (4)
Scrolls
 d - a scroll of enchant armour {unknown}
 i - 2 scrolls of remove curse {unknown}
 o - a scroll of immolation {unknown}
 p - a scroll of amnesia {unknown}
 t - 2 scrolls of teleportation {unknown}
Potions
 e - a potion of flight
 k - a potion of haste
 l - a potion of resistance
 n - a potion of curing
 s - a potion of ambrosia
 v - 2 potions of brilliance {unknown}
Comestibles
 c - 8 rations


   Skills:
 + Level 3.7 Fighting
 + Level 7.1 Axes
 + Level 0.0 Slings
 + Level 3.1 Armour
 - Level 2.4 Dodging
 - Level 1.5 Stealth
 + Level 2.0 Shields


You had 5 spell levels left.
You didn't know any spells.
Your spell library was empty.

Dungeon Overview and Level Annotations

Branches:
Dungeon (4/15)
 Temple: D:4-7

Altars:


Message History

The ogre is heavily wounded.
Firing (i - inventory. (/) - cycle)
j - 48 stones (quivered)
Press: ? - help, Shift-Dir - straight line, f/p - ogre
Aim: an ogre, wielding a +0 giant club (heavily wounded)
You shoot a stone. The stone closely misses the ogre.
a - a +0 hand axe (weapon)
The ogre hits you with a +0 giant club!
You hit the ogre.
The ogre is heavily wounded.
The ogre hits you with a +0 giant club!!
You completely miss the ogre.
The ogre is heavily wounded.
You hit the ogre but do no damage.
The ogre is heavily wounded.
The ogre hits you with a +0 giant club!
* * * LOW HITPOINT WARNING * * *
You hit the ogre but do no damage.
The ogre is heavily wounded.
The ogre hits you with a +0 giant club!!
You die...

.#..................#
.#..................#
.##..##........######
.##..##........#....#
...............'....#
.......<...###+#....#
.##..##....#........#
.######....#......>.#
.# .....#....@...# ..
.....#....O...#
#........# #....(...#
#....(...# #........#
#....(...# #....(...#


You could see an ogre.

Vanquished Creatures
  A hound (D:4)
  A bullfrog zombie (D:4)
  2 worker ants
  3 gnolls
  4 adders
  4 worms
  2 dart slugs (D:1)
  4 leopard geckos
  An orc (D:3)
  3 giant cockroaches
  7 goblins
  7 hobgoblins
  2 jackals (D:3)
  11 kobolds
  A ball python (D:1)
  2 bats (D:2)
  2 frilled lizards (D:2)
  7 rats
64 creatures vanquished.

Notes
Turn   | Place    | Note
-------+----------+-------------------------------------------
     0 | D:1      | Illumine the Hill Orc Monk began the quest for the Orb.
     0 | D:1      | Reached XP level 1. HP: 19/19 MP: 1/1
   153 | D:1      | Reached XP level 2. HP: 27/27 MP: 2/2
   429 | D:1      | Reached skill level 1 in Armour
   673 | D:2      | Reached skill level 5 in Axes
   673 | D:2      | Reached XP level 3. HP: 10/33 MP: 3/3
  1229 | D:2      | Reached XP level 4. HP: 40/40 MP: 4/4
  1654 | D:2      | Reached skill level 6 in Axes
  1876 | D:2      | Reached XP level 5. HP: 33/46 MP: 5/5
  2032 | D:3      | Reached skill level 1 in Shields
  2710 | D:4      | Reached skill level 7 in Axes
  2710 | D:4      | Reached XP level 6. HP: 47/52 MP: 6/6
  2774 | D:4      | Mangled by an ogre

Levels and vault maps discovered:
D:1:      eino_arrival_water_cross, layout_loops_ring
D:2:      layout_basic, hangedman_decor_push
D:3:      layout_rooms, nicolae_overflow_hidden_temple
D:4:      layout_gridville

Skill      XL: |  1  2  3  4  5 |
---------------+----------------+-----
Armour         | 1 2 3 |  3.1
Axes           | 5 6 7 |  7.1
Shields        | 2 |  2.0
Fighting       | |  3.7
Dodging        | |  2.4
Stealth        | |  1.5

Action                   |  1- 3 |  4- 6 || total
-------------------------+-------+-------++-------
Melee: Hand axe          |   102 |   185 ||   287
 Fire: Hunting sling     |       |     4 ||     4
Throw: Stone             |     2 |       ||     2
  Use: Potion            |     4 |       ||     4
       Scroll            |       |     3 ||     3
 Stab: Sleeping          |     1 |       ||     1
  Eat: Chunk             |       |     6 ||     6
Armor: Plate armour      |    44 |   142 ||   186
       Scale mail        |     1 |       ||     1
Dodge: Dodged            |    18 |    32 ||    50
Block: Buckler           |       |    11 ||    11

Table legend:
 A = Non-vault XP
 B = Vault XP
 C = Vault XP percentage of total XP
 D = Non-vault monster count
 E = Vault monster count
 F = Vault count percentage of total count
                 A         B        C        D         E       F
            +---------+---------+-------+---------+---------+-------
      Total |     351 |       0 |   0.0 |      64 |       0 |   0.0
            +---------+---------+-------+---------+---------+-------
        D:1 |      25 |       0 |   0.0 |      13 |       0 |   0.0
        D:2 |     134 |       0 |   0.0 |      32 |       0 |   0.0
        D:3 |     107 |       0 |   0.0 |      17 |       0 |   0.0
        D:4 |      85 |       0 |   0.0 |       2 |       0 |   0.0
            +---------+---------+-------+---------+---------+-------
